AoeStats
← ReidTheWombat

Nomad

509466820Analyzed
2v2 RM · 4d ago on Sep 26, 2026· 61m 47s· 4 players
Game mode
Random Map
Map size
176×176
Population
200
Speed
Normal
Resources
Standard
Victory
Conquest
Starting age
Dark Age
Ending age
Imperial Age
RankedLock teamsTeams togetherTeam positionsShared explorationLock speedFull tech treeHidden civsTurbo modeCheats
Victory
Defeat
🇸🇰 Varangians · Slovakia
1097
+15
🇸🇰 Khmer · Slovakia
1097
+15
🇦🇺 Danes · Australia
1087
-15
🇦🇺 Danes · Australia
1078
-15
RedTheWeasel
5:19 Loom
14:13 Feudal Age
15:06 Double-Bit Axe
21:05 Fletching
27:10 Castle Age
29:30 Scale Mail Armor
32:48 Chain Mail Armor
43:16 Forging
44:19 Hamask
45:46 Sanctity
46:14 Fishing Lines
47:47 Gillnets
56:34 Imperial Age
57:01 Onager
ReidTheWombat
14:02 Feudal Age
19:06 Fletching
19:27 Double-Bit Axe
22:26 Castle Age
20:23 Horse Collar
20:58 Scale Mail Armor
21:13 Arson
22:07 Forging
23:26 Chain Mail Armor
23:54 Gambesons
24:10 Squires
24:33 Bow Saw
26:15 Gold Mining
29:10 Loom
28:57 Pikeman
30:29 Wheelbarrow
31:29 Hand Cart
33:35 Heavy Plow
36:49 Iron Casting
40:12 Imperial Age
38:19 Bodkin Arrow
37:56 Hamask
40:33 Elite Varangian Guard
41:45 Conscription
41:15 Onager
44:14 Plate Mail Armor
43:49 Scale Barding Armor
44:27 Siege Onager
46:49 Chain Barding Armor
46:33 Light Cavalry
47:24 Bloodlines
47:45 Husbandry
51:51 Blast Furnace
50:21 Capped Ram
55:30 Bracer
56:09 Plate Barding Armor
55:49 Northmen's Fury
56:59 Halberdier
Sylvanas Windrunner
3:23 Loom
4:26 Loom
14:14 Feudal Age
15:07 Double-Bit Axe
15:06 Fishing Lines
18:29 Stone Mining
20:57 Castle Age
20:02 Forging
19:57 Scale Barding Armor
19:43 Fletching
19:37 Horse Collar
22:06 Wheelbarrow
29:44 Heavy Plow
32:38 Iron Casting
35:36 Bow Saw
39:43 Imperial Age
38:27 Bloodlines
38:18 Husbandry
39:34 Chain Barding Armor
39:33 Gold Mining
39:35 Town Watch
39:26 Light Cavalry
40:51 Conscription
41:00 Conscription
41:05 Hand Cart
42:47 Blast Furnace
44:00 Crop Rotation
44:34 Two-Man Saw
45:30 Elite Jarl
48:28 Plate Barding Armor
51:02 Town Patrol
51:51 Stone Shaft Mining
50:43 Hussar
51:51 Squires
54:53 Bodkin Arrow
56:54 Ballistics
58:59 Chemistry
58:10 Masonry
60:12 Capped Ram
61:19 Bracer
61:56 Architecture
61:07 Treadmill Crane
SCH0N
5:56 Loom
14:49 Feudal Age
19:34 Double-Bit Axe
19:31 Horse Collar
20:00 Gold Mining
24:46 Castle Age
23:01 Town Watch
26:06 Wheelbarrow
26:20 Medium Warships
29:55 Fletching
30:11 Scale Barding Armor
31:35 Bodkin Arrow
34:16 Stone Mining
34:42 Fishing Lines
35:37 Chain Barding Armor
38:23 Forging
38:03 Arson
38:34 Heavy Plow
44:47 Imperial Age
42:50 Ballistics
42:32 Husbandry
43:27 Bloodlines
44:13 Hand Cart
44:21 Masonry
44:51 Gillnets
46:00 Bracer
46:36 Plate Barding Armor
47:03 Chemistry
47:32 Conscription
47:17 Elite Skirmisher
48:02 Light Cavalry
49:42 Iron Casting
49:45 Bow Saw
52:10 Hussar
53:34 Double Crossbow
56:19 Architecture
Connection lost

Rejoining the realm…

Still unreachable

The connection could not be restored.

Session expired

The server has moved on; the page needs a fresh start.